PCL
LANSING LUGNUTS @ LAS VEGAS STARS
05/11/2024
 
TOP OF THE 1ST
Lansing Lugnuts batting - Pitching for Las Vegas Stars : RHP Ramón Pérez
Pitching: RHP Ramón Pérez
Batting: RHB Mitsuoki Taguchi 0-0: Ground out 4-3 (Groundball, 4)
Batting: RHB Matt Silver 0-0: SINGLE (Line Drive, 8LS)
Batting: LHB Pedro Padilla 0-0: Ball
1-0: Ground out 4-3 (Groundball, 4M)
Matt Silver to second
Batting: RHB Júlio Caraballo 0-0: Called Strike
0-1: SINGLE (Groundball, 56D)
Matt Silver to third
Runner from 3rd tries for Home, SAFE, no throw or cutoff
Batting: LHB Iván Salas 0-0: Ball
1-0: Fielders Choice at 2nd, U6 (Groundball, 6M)
Top of the 1st over - 1 run(s), 2 hit(s), 0 error(s), 1 left on base; Lansing 1 - Las Vegas 0
BOTTOM OF THE 1ST
Las Vegas Stars batting - Pitching for Lansing Lugnuts : RHP Arturo Leal
Pitching: RHP Arturo Leal
Batting: RHB Ryan Campbell 0-0: Called Strike
0-1: Ball
1-1: Swinging Strike
1-2: Foul Ball, location: 2F
1-2: Ball
2-2: Foul Ball, location: 2F
2-2: Fly out, F7 (Popup, 78S)
Batting: RHB Xin Zhang 0-0: Ball
1-0: Called Strike
1-1: Ball
2-1: Foul Ball, location: 2F
2-2: Ground out 3-1 (Groundball, 3)
Batting: LHB Eliot Helen 0-0: Called Strike
0-1: Ball
1-1: Ball
2-1: Ball
3-1: Base on Balls
Batting: SHB Sloan James 0-0: Fly out, F8 (Flyball, 8RM)
Bottom of the 1st over - 0 run(s), 0 hit(s), 0 error(s), 1 left on base; Lansing 1 - Las Vegas 0
TOP OF THE 2ND
Lansing Lugnuts batting - Pitching for Las Vegas Stars : RHP Ramón Pérez
Batting: RHB Lu-fang Huie 0-0: Called Strike
0-1: Called Strike
0-2: Ball
1-2: Ball
2-2: Ball
3-2: Ground out 5-3 (Groundball, 5L)
Batting: LHB Bob Sawyer 0-0: Ball
1-0: Ground out 3-1 (Groundball, 34S)
Batting: LHB Francisco Marino 0-0: Foul Ball, location: 2F
0-1: Swinging Strike
0-2: Fly out, F3 (Popup, 23)
Top of the 2nd over - 0 run(s), 0 hit(s), 0 error(s), 0 left on base; Lansing 1 - Las Vegas 0
BOTTOM OF THE 2ND
Las Vegas Stars batting - Pitching for Lansing Lugnuts : RHP Arturo Leal
Batting: LHB Fernando De La Cruz 0-0: Swinging Strike
0-1: Ball
1-1: Called Strike
1-2: Ball
2-2: Ball
3-2: Foul Ball, location: 2F
3-2: Base on Balls
Batting: RHB Brian George 0-0: Foul Ball, location: 2F
0-1: Fly out, F2 (Popup, 2RF)
Batting: LHB Evan Slootweg 0-0: Called Strike
0-1: 2-RUN HOME RUN (Flyball, 9D), Distance : 390 ft
Batting: RHB José Zúńiga 0-0: Ball
1-0: Foul Ball, location: 2F
1-1: Ball
2-1: Foul Ball, location: 2F
2-2: Foul Ball, location: 2F
2-2: SOLO HOME RUN (Flyball, 7LD), Distance : 383 ft
Batting: RHB Bud Major 0-0: Called Strike
0-1: Foul Ball, location: 2F
0-2: Foul Ball, location: 2F
0-2: Strikes out looking
Batting: RHB Ryan Campbell 0-0: Ball
1-0: Ball
2-0: Ball
3-0: Called Strike
3-1: Called Strike
3-2: Foul Ball, location: 2F
3-2: Foul Ball, location: 2F
3-2: Fly out, F8 (Flyball, 78S)
Bottom of the 2nd over - 3 run(s), 2 hit(s), 0 error(s), 0 left on base; Lansing 1 - Las Vegas 3
TOP OF THE 3RD
Lansing Lugnuts batting - Pitching for Las Vegas Stars : RHP Ramón Pérez
Batting: RHB Michael Woodruff 0-0: Foul Ball, location: 2F
0-1: Called Strike
0-2: Ball
1-2: Ball
2-2: Strikes out swinging
Batting: RHB Mitsuoki Taguchi 0-0: Swinging Strike
0-1: Fly out, F9 (Flyball, 89M)
Batting: RHB Matt Silver 0-0: Ball
1-0: Ball
2-0: Foul Ball, location: 2F
2-1: Fly out, F8 (Flyball, 8RD)
Top of the 3rd over - 0 run(s), 0 hit(s), 0 error(s), 0 left on base; Lansing 1 - Las Vegas 3
BOTTOM OF THE 3RD
Las Vegas Stars batting - Pitching for Lansing Lugnuts : RHP Arturo Leal
Batting: RHB Xin Zhang 0-0: Foul Ball, location: 2F
0-1: Ball
1-1: Ball
2-1: Ground out U3 (Groundball, 3S)
Batting: LHB Eliot Helen 0-0: Ball
1-0: Called Strike
1-1: Foul Ball, location: 2F
1-2: Ball
2-2: Ball
3-2: Fly out, F8 (Line Drive, 8LS)
Batting: SHB Sloan James 0-0: Swinging Strike
0-1: Ball
1-1: Called Strike
1-2: Foul Ball, location: 2F
1-2: Fly out, F8 (Flyball, 8RD)
Bottom of the 3rd over - 0 run(s), 0 hit(s), 0 error(s), 0 left on base; Lansing 1 - Las Vegas 3
TOP OF THE 4TH
Lansing Lugnuts batting - Pitching for Las Vegas Stars : RHP Ramón Pérez
Batting: LHB Pedro Padilla 0-0: Ball
1-0: Ball
2-0: Ball
3-0: Foul Ball, location: 2F
3-1: Foul Ball, location: 2F
3-2: SINGLE (Groundball, 34D)
Batting: RHB Júlio Caraballo 0-0: Foul Ball, location: 2F
0-1: Called Strike
0-2: Ball
1-2: Fly out, F8 (Popup, 8RS)
Batting: LHB Iván Salas 0-0: Called Strike
0-1: Swinging Strike
0-2: Foul Ball, location: 2F
0-2: Ball
1-2: Grounds into double play, 4-6-3 (Groundball, 4)
Top of the 4th over - 0 run(s), 1 hit(s), 0 error(s), 0 left on base; Lansing 1 - Las Vegas 3
BOTTOM OF THE 4TH
Las Vegas Stars batting - Pitching for Lansing Lugnuts : RHP Arturo Leal
Batting: LHB Fernando De La Cruz 0-0: Ball
1-0: Called Strike
1-1: Foul Ball, location: 2F
1-2: Foul Ball, location: 2F
1-2: Strikes out swinging
Batting: RHB Brian George 0-0: Called Strike
0-1: Swinging Strike
0-2: Foul Ball, location: 2F
0-2: Ball
1-2: Ground out 2-3 (Groundball, 25)
Batting: LHB Evan Slootweg 0-0: Called Strike
0-1: Foul Ball, location: 2F
0-2: DOUBLE (Flyball, 89XD)
Batting: RHB José Zúńiga 0-0: Called Strike
0-1: Fly out, F9 (Flyball, 9M)
Bottom of the 4th over - 0 run(s), 1 hit(s), 0 error(s), 1 left on base; Lansing 1 - Las Vegas 3
TOP OF THE 5TH
Lansing Lugnuts batting - Pitching for Las Vegas Stars : RHP Ramón Pérez
Batting: RHB Lu-fang Huie 0-0: Swinging Strike
0-1: Called Strike
0-2: Ball
1-2: Strikes out swinging
Batting: LHB Bob Sawyer 0-0: Ball
1-0: Called Strike
1-1: Foul Ball, location: 2F
1-2: Ball
2-2: Strikes out swinging
Batting: LHB Francisco Marino 0-0: Foul Ball, location: 2F
0-1: Ball
1-1: Called Strike
1-2: Foul Ball, location: 2F
1-2: Strikes out looking
Top of the 5th over - 0 run(s), 0 hit(s), 0 error(s), 0 left on base; Lansing 1 - Las Vegas 3
BOTTOM OF THE 5TH
Las Vegas Stars batting - Pitching for Lansing Lugnuts : RHP Arturo Leal
Batting: RHB Bud Major 0-0: Ball
1-0: DOUBLE (Flyball, 9LD)
Batting: RHB Ryan Campbell 0-0: Called Strike
0-1: Foul Ball, location: 2F
0-2: Ball
1-2: SINGLE (Line Drive, 56D)
Bud Major to third
Pitching: RHP Kosami Tagawa
Batting: RHB Xin Zhang 0-0: Ball
Ryan Campbell steals 2nd base
1-0: Called Strike
1-1: Ball
2-1: Foul Ball, location: 2F
2-2: Ball
3-2: Strikes out swinging wild pitch, reaches first!
Bud Major scores
Ryan Campbell to third
Batting: LHB Eliot Helen 0-0: Foul Ball, location: 2F
0-1: Grounds into double play, 6-4-3 (Groundball, 6M)
Ryan Campbell scores
Batting: SHB Sloan James 0-0: Called Strike
0-1: Swinging Strike
0-2: Ball
1-2: Foul Ball, location: 2F
1-2: Ball
2-2: Ball
3-2: Base on Balls
Batting: LHB Fernando De La Cruz 0-0: Ball
1-0: Called Strike
1-1: Foul Ball, location: 2F
1-2: Foul Ball, location: 2F
1-2: Ball
2-2: Foul Ball, location: 2F
2-2: Ball
3-2: Foul Ball, location: 2F
3-2: Fly out, F9 (Line Drive, 9D)
Bottom of the 5th over - 2 run(s), 2 hit(s), 0 error(s), 1 left on base; Lansing 1 - Las Vegas 5
TOP OF THE 6TH
Lansing Lugnuts batting - Pitching for Las Vegas Stars : RHP Ramón Pérez
Batting: RHB Michael Woodruff 0-0: Ball
1-0: Ball
2-0: Ball
3-0: Base on Balls
Batting: RHB Mitsuoki Taguchi 0-0: Called Strike
0-1: Foul Ball, location: 2F
0-2: Foul Ball, location: 2F
0-2: Foul Ball, location: 2F
0-2: Strikes out swinging
Batting: RHB Matt Silver 0-0: Ball
1-0: Called Strike
1-1: Foul Ball, location: 2F
1-2: Fielders Choice at 2nd, 5-4 (Groundball, 56)
Batting: LHB Pedro Padilla 0-0: Ball
1-0: SINGLE (Groundball, 56D)
Matt Silver to second
Batting: RHB Júlio Caraballo 0-0: Ball
1-0: Called Strike
1-1: Ball
2-1: Ground out 5-3 (Groundball, 56)
Top of the 6th over - 0 run(s), 1 hit(s), 0 error(s), 2 left on base; Lansing 1 - Las Vegas 5
BOTTOM OF THE 6TH
Las Vegas Stars batting - Pitching for Lansing Lugnuts : RHP Kosami Tagawa
Batting: RHB Brian George 0-0: Fly out, F8 (Flyball, 8RXD)
Batting: LHB Evan Slootweg 0-0: Swinging Strike
0-1: Ball
1-1: Foul Ball, location: 2F
1-2: Ball
2-2: Foul Ball, location: 2F
2-2: SOLO HOME RUN (Line Drive, 89XD), Distance : 415 ft
Batting: RHB José Zúńiga 0-0: Swinging Strike
0-1: Fly out, F8 (Flyball, 8RM)
Batting: RHB Bud Major 0-0: Called Strike
0-1: Ball
1-1: Ball
2-1: Foul Ball, location: 2F
2-2: Foul Ball, location: 2F
2-2: Strikes out swinging
Bottom of the 6th over - 1 run(s), 1 hit(s), 0 error(s), 0 left on base; Lansing 1 - Las Vegas 6
TOP OF THE 7TH
Lansing Lugnuts batting - Pitching for Las Vegas Stars : RHP Ramón Pérez
Batting: LHB Iván Salas 0-0: Ball
1-0: Fly out, F7 (Flyball, 78XD)
Batting: RHB Lu-fang Huie 0-0: Ball
1-0: Foul Ball, location: 2F
1-1: Called Strike
1-2: Foul Ball, location: 2F
1-2: Ball
2-2: Ground out 5-3 (Groundball, 56S)
Batting: LHB Bob Sawyer 0-0: Ball
1-0: Called Strike
1-1: Ground out U3 (Groundball, 3)
Top of the 7th over - 0 run(s), 0 hit(s), 0 error(s), 0 left on base; Lansing 1 - Las Vegas 6
BOTTOM OF THE 7TH
Las Vegas Stars batting - Pitching for Lansing Lugnuts : RHP Kosami Tagawa
Pitching: LHP Arturo Heredia
Batting: RHB Ryan Campbell 0-0: Called Strike
0-1: Ball
1-1: Foul Ball, location: 2F
1-2: Ball
2-2: Ball
3-2: Base on Balls
Batting: RHB Xin Zhang 0-0: Called Strike
0-1: Ball
1-1: Ball
2-1: Ball
3-1: Hit by Pitch
Ryan Campbell to second
Batting: LHB Eliot Helen 0-0: Ball
1-0: Ball
2-0: Foul Ball, location: 2F
2-1: Foul Ball, location: 2F
2-2: Foul Ball, location: 2F
2-2: Foul Ball, location: 2F
Balk!
Ryan Campbell to third
Xin Zhang to second
2-2: Foul Ball, location: 2F
2-2: Foul Ball, location: 2F
2-2: Foul Ball, location: 2F
2-2: Ball
3-2: Base on Balls
Batting: SHB Sloan James 0-0: Fly out, F9 (Flyball, 9D)
Runner from 3rd tags up, SCORES, no throw
Xin Zhang to third
Batting: LHB Fernando De La Cruz 0-0: Ball
1-0: Ball
2-0: Ball
3-0: Base on Balls
Eliot Helen to second
Batting: RHB Brian George 0-0: Ball
1-0: Ball
2-0: Called Strike
2-1: Ball
3-1: Called Strike
3-2: DOUBLE (Flyball, 8RXD)
Xin Zhang scores
Eliot Helen scores
Fernando De La Cruz to third
Pitching: LHP Craig Bowling
Batting: LHB Evan Slootweg 0-0: Called Strike
0-1: Swinging Strike
0-2: Fly out, F8 (Flyball, 8RM)
Runner from 3rd tags up, SCORES, throw made
Batting: RHB José Zúńiga 0-0: Ball
1-0: Fly out, F9 (Flyball, 89M)
Bottom of the 7th over - 4 run(s), 1 hit(s), 0 error(s), 1 left on base; Lansing 1 - Las Vegas 10
TOP OF THE 8TH
Lansing Lugnuts batting - Pitching for Las Vegas Stars : RHP Ramón Pérez
Batting: LHB Francisco Marino 0-0: Ball
1-0: Ball
2-0: Ball
3-0: Base on Balls
Batting: RHB Michael Woodruff 0-0: Ball
1-0: Foul Ball, location: 2F
1-1: Fly out, F3 (Popup, 34)
Batting: RHB Mitsuoki Taguchi 0-0: Ball
1-0: Fly out, F9 (Flyball, 9M)
Batting: RHB Matt Silver 0-0: Fielders Choice at 2nd, 5-4 (Groundball, 56)
Top of the 8th over - 0 run(s), 0 hit(s), 0 error(s), 0 left on base; Lansing 1 - Las Vegas 10
BOTTOM OF THE 8TH
Las Vegas Stars batting - Pitching for Lansing Lugnuts : LHP Craig Bowling
Batting: RHB Bud Major 0-0: Called Strike
0-1: Foul Ball, location: 2F
0-2: Strikes out swinging
Batting: RHB Ryan Campbell 0-0: Fly out, F8 (Flyball, 78M)
Batting: RHB Xin Zhang 0-0: Called Strike
0-1: Ball
1-1: Called Strike
1-2: Foul Ball, location: 2F
1-2: Ball
2-2: Foul Ball, location: 2F
2-2: Strikes out looking
Bottom of the 8th over - 0 run(s), 0 hit(s), 0 error(s), 0 left on base; Lansing 1 - Las Vegas 10
TOP OF THE 9TH
Lansing Lugnuts batting - Pitching for Las Vegas Stars : RHP Ramón Pérez
Now at 1B: Joe Scott
Batting: LHB Pedro Padilla 0-0: Ball
1-0: Ball
2-0: Ground out 3-1 (Groundball, 34)
Pitching: RHP Wayne Barksdale
Batting: RHB Júlio Caraballo 0-0: Ball
1-0: Ball
2-0: Called Strike
2-1: Ground out 5-3 (Groundball, 5)
Batting: LHB Iván Salas 0-0: Ball
1-0: Foul Ball, location: 2F
1-1: Ball
2-1: Ball
3-1: Base on Balls
Batting: RHB Lu-fang Huie 0-0: Called Strike
0-1: Ball
1-1: Ball
2-1: Ball
3-1: Called Strike
3-2: Fly out, F8 (Flyball, 8LM)
Top of the 9th over - 0 run(s), 0 hit(s), 0 error(s), 1 left on base; Lansing 1 - Las Vegas 10
This league is powered by Out of the Park Baseball, the baseball management simulation game for PC, Mac and Linux
Saturday, April 9th, 2016 - OOTP Baseball 16.8 Build 38